 Dungeon Crawl Stone Soup version 0.27.1 (webtiles) character file.

Game seed: 14116078740570256984

81 MajorAdolf the Sneak (level 4, -3/39 HPs)
             Began as a Naga Wanderer on Aug 24, 2021.
             Slain by a gnoll (8 damage)
             ... on level 2 of the Dungeon.
             The game lasted 00:04:22 (2215 turns).

MajorAdolf the Sneak (Naga Wanderer)                Turns: 2215, Time: 00:04:23

Health: -3/39      AC:  2    Str: 13    XL:     4   Next: 42%
Magic:  0/7        EV:  9    Int: 14    God:
Gold:   90         SH:  0    Dex: 17    Spells: 6/7 levels left

rFire    . . .     SeeInvis +   d - +0 dagger
rCold    . . .     Faith    .   (no shield)
rNeg     . . .     Spirit   .   b - +0 robe
rPois    +         Reflect  .   (no helmet)
rElec    .         Harm     .   (no cloak)
rCorr    .         Rampage  .   (no gloves)
Will     .....                  (no barding)
Stlth    ++........             (no amulet)
HPRegen  0.13/turn              i - +6 ring of dexterity
MPRegen  0.10/turn              (no ring)

@: brilliant, short of breath, very slightly contaminated, very slow
A: AC +1, large, see invisible, deformed body, poison resistance, slowness 2,
spit poison 1, naga tail 1
a: Spit Poison


You were on level 2 of the Dungeon.
You visited 1 branch of the dungeon, and saw 2 of its levels.

You collected 90 gold pieces.

Inventory:

Hand Weapons
 d - a +0 dagger (weapon)
Armour
 b - a +0 robe (worn)
Jewellery
 i - a +6 ring of dexterity (left hand)
Wands
 c - a wand of flame (14)
Scrolls
 a - 2 scrolls of teleportation {unknown}
 e - a scroll of holy word {unknown}
 f - a scroll of brand weapon {unknown}
 g - 2 scrolls of enchant armour {unknown}


   Skills:
 - Level 2.0 Fighting
 - Level 3.0 Stealth
 - Level 2.0 Spellcasting
 + Level 2.6 Conjurations
 - Level 3.0 Necromancy
 + Level 2.6 Fire Magic
 - Level 1.0 Evocations


You had 6 spell levels left.
You knew the following spells:

 Your Spells              Type           Power      Damage    Failure   Level
a - Foxfire               Conj/Fire      52%        2x1d6     9%          1

Your spell library contained the following spells:

 Spells                   Type           Power      Damage    Failure   Level
 Summon Small Mammal      Summ           8%         N/A       24%         1
 Dazzling Flash           Conj/Hex       14%        N/A       38%         3
 Summon Guardian Golem    Hex/Summ       2%         N/A       56%         3


Dungeon Overview and Level Annotations

Branches:
Dungeon (2/15)

Altars:
Beogh


Innate Abilities, Weirdness & Mutations

Your serpentine skin is tough. (AC +1)
You have supernaturally acute eyesight. (SInv)
Armour fits poorly on your strangely shaped body.
Your system is resistant to poisons. (rPois)
You cover ground very slowly.
You can spit poison.
You have a snake-like lower body.


Message History

The gnoll hits you with a +0 club.
* * * LOW HITPOINT WARNING * * *
Okay, then.
The gnoll barely misses you. The gnoll closely misses you.
The gnoll barely misses you. The gnoll barely misses you.
The gnoll closely misses you.
You see here a +0 club.
Press: ? - help, Shift-Dir - straight line, f - gnoll
Aim: a gnoll, wielding a +0 club (moderately wounded)
The splash of poison misses the gnoll. x2
The splash of poison hits the dart slug.
The dart slug is poisoned.
The dart slug is lightly wounded.
The gnoll hits you with a +0 club.
* * * LOW HITPOINT WARNING * * *
Okay, then.
It was a potion of brilliance.
You feel clever all of a sudden. The gnoll closely misses you.
You are too injured to fight recklessly!
Unknown command.
Casting: Foxfire (safe; 9% risk of failure)
Confirm with . or Enter, or press ? or * to list all spells.
You feel a surge of power!
You miscast Foxfire.
You are very lightly contaminated with residual magic.
Nothing appears to happen.
The gnoll hits you with a +0 club.
* * * LOW HITPOINT WARNING * * *
Unknown command.
Casting: Foxfire (safe; 9% risk of failure)
Confirm with . or Enter, or press ? or * to list all spells.
You feel a surge of power!
You conjure some foxfire!
The dart slug looks more healthy.
Unknown command.
The foxfire hits the gnoll but does no damage.
The gnoll is moderately wounded.
The foxfire hits the gnoll.
The gnoll is heavily wounded.
The gnoll hits you with a +0 club!
You die...

#.......###..##
#.............############
##........................
##...#####.##..=.........
####.#####....).......†.#
#.##...##..#.#...........
#.##......##.......)....#
#.##....gg)w.............
#.##..(.@#######..#..###.
#..#....## ##..#.###.
##.#....## #.......#
#.#.....# #...###.#
#.#...#.# #...# .
#.#...#.### #...##
#.#####...# #....#### #.#
#...## ##.##.†... #.##
#....# #..###.###


You could see 2 gnolls and a dart slug.

Vanquished Creatures
  A gnoll (D:2)
  2 adders (D:2)
  A worm (D:2)
  3 dart slugs
  3 bats
  2 endoplasms (D:1)
  3 giant cockroaches (D:1)
  5 goblins
  2 hobgoblins
  A quokka (D:1)
  2 ball pythons
  6 frilled lizards
  10 kobolds
  5 rats
46 creatures vanquished.

Vanquished Creatures (others)
  153 foxfires
  17 plants (D:1)
170 creatures vanquished.

Grand Total: 216 creatures vanquished

Notes
Turn   | Place    | Note
-------+----------+-------------------------------------------
     0 | D:1      | MajorAdolf the Naga Wanderer began the quest for the Orb.
     0 | D:1      | MajorAdolf set off with the following items: a +0 club, a
                  | +0 robe, a wand of flame (15), a +0 dagger; and the
                  | following spells available to memorise: Foxfire, Summon
                  | Small Mammal, Dazzling Flash, Summon Guardian Golem
     0 | D:1      | Reached XP level 1. HP: 19/19 MP: 3/3
     2 | D:1      | Learned a level 1 spell: Foxfire
   105 | D:1      | Reached skill level 1 in Conjurations
   105 | D:1      | Reached skill level 1 in Fire Magic
   105 | D:1      | Reached XP level 2. HP: 26/26 MP: 0/5
   637 | D:1      | Found a faded altar of an unknown god.
   714 | D:1      | Reached XP level 3. HP: 30/32 MP: 0/6
  1860 | D:2      | Reached XP level 4. HP: 39/39 MP: 2/7
  2215 | D:2      | Slain by a gnoll

Illustrated notes

Levels and vault maps discovered:
D:1:      sevenhm_arrival_forest_fort_small_4, layout_rooms,
          hellmonk_ecumenical_altar_defaced_shrine,
          chequers_serial_rivers_large_b, lexackson_kobold_supper
D:2:      layout_rooms

Skill      XL: |  1  2  3 |
---------------+----------+-----
Conjurations   | 1 2 |  2.6
Fire Magic     | 1 2 |  2.6
Fighting       | |  2.0
Stealth        | |  3.0
Spellcasting   | |  2.0
Necromancy     | |  3.0
Evocations     | |  1.0

Action                   |  1- 3 |  4- 6 || total
-------------------------+-------+-------++-------
Melee: Club              |     4 |       ||     4
       Dagger            |     2 |       ||     2
 Cast: Foxfire           |    72 |    19 ||    91
 Abil: Spit Poison       |       |     5 ||     5
Evoke: Wand              |     1 |       ||     1
  Use: Potion            |       |     1 ||     1
Armor: Robe              |     4 |       ||     4
Dodge: Dodged            |    15 |     6 ||    21
